AoeStats
← TheQuietRiot

Arabia

508010116Analyzed
1v1 RM · 12d ago on Sep 20, 2026· 38m 34s· 2 players
Game mode
Random Map
Map size
Tiny (2 player)
Population
200
Speed
Normal
Resources
Standard
Victory
Conquest
Starting age
Dark Age
Ending age
Imperial Age
RankedLock teamsTeams togetherTeam positionsShared explorationLock speedFull tech treeHidden civsTurbo modeCheats
Victory
Defeat
🇸🇰 Franks · Slovakia
1028
+15
🇬🇧 Britons · United Kingdom
1017
-15
TheQuietRiot
9:29 Feudal Age
8:16 Loom
10:12 Double-Bit Axe
14:14 Fletching
14:26 Padded Archer Armor
16:09 Horse Collar
25:08 Castle Age
23:36 Stone Mining
23:37 Gold Mining
25:11 Pikeman
25:33 Crossbowman
28:35 Bodkin Arrow
abcplay
6:31 Loom
9:37 Feudal Age
10:38 Double-Bit Axe
17:53 Wheelbarrow
20:35 Castle Age
19:02 Scale Barding Armor
22:41 Husbandry
23:26 Bow Saw
23:39 Chain Barding Armor
29:00 Gold Mining
30:58 Forging
31:53 Gold Shaft Mining
33:53 Hand Cart
33:24 Town Watch
35:13 Iron Casting
38:11 Imperial Age
36:25 Town Patrol
38:28 Cavalier
39:44 Plate Barding Armor
40:10 Blast Furnace
Connection lost

Rejoining the realm…

Still unreachable

The connection could not be restored.

Session expired

The server has moved on; the page needs a fresh start.